 Dungeon Crawl Stone Soup version 0.15-a0-1206-g3bad1a6 (webtiles) character file.

527 Deemzul the Martial Artist (level 7, -1/46 HPs)
             Began as an Octopode Monk on June 1, 2014.
             Slain by Deemzul's ghost (8 damage)
             ... on Level 4 of the Dungeon.
             The game lasted 00:05:35 (3226 turns).

Deemzul the Martial Artist (Octopode Monk)          Turns: 3226, Time: 00:05:35

HP  -1/46        AC  1     Str 10      XL: 7   Next: 23%
MP   7/7         EV 13     Int 12      God:
Gold 240         SH  0     Dex 17      Spells:  0 memorised,  6 levels left

rFire  . . .     SeeInvis .       - Unarmed
rCold  . . .     Clarity  .     (no shield)
rNeg   + . .     rCorr    .     (helmet restricted)
rPois  .         rRot     .     r - amulet of resist mutation
rElec  .         Spirit   .     a - ring of positive energy
SustAb .         Warding  .     (no ring)
rMut   +         Stasis   .     (no ring)
Gourm  .                        (no ring)
MR     .....                    (no ring)
                                (no ring)
                                (no ring)
                                (no ring)

@: not resistant to hostile enchantments, fairly stealthy
A: almost no armour, amphibious, 8 rings, constrict 8, camouflage 1, gelatinous
body 1
a: no special abilities


You were on level 4 of the Dungeon.
You were hungry.

You visited 1 branch of the dungeon, and saw 4 of its levels.

You collected 240 gold pieces.

Inventory:

Hand weapons
 d - a +0 blowgun
Missiles
 p - 5 poisoned needles
Magical devices
 g - a wand of lightning (7) {unknown}
Comestibles
 b - 2 bread rations
 m - a meat ration
Scrolls
 e - a scroll of blinking {unknown}
 f - 3 scrolls of identify {unknown}
 i - a scroll of enchant weapon II {unknown}
 j - a scroll of fog {unknown}
 k - 5 scrolls of remove curse {unknown}
 l - 2 scrolls of magic mapping {unknown}
 n - 3 scrolls of amnesia {unknown}
 o - 3 scrolls of teleportation {unknown}
 q - a scroll of enchant armour {unknown}
Jewellery
 a - a ring of positive energy (left tentacle)
 r - an amulet of resist mutation (around mantle)
Potions
 c - a potion of lignification {unknown}
 h - a potion of heal wounds {unknown}
 s - a potion of curing


   Skills:
 - Level 3.0 Fighting
 - Level 3.0 Dodging
 - Level 2.6 Stealth
 + Level 8.5 Unarmed Combat


You had 6 spell levels left.
You didn't know any spells.

Dungeon Overview and Level Annotations

Branches:
Dungeon (4/15)
 Temple: D:4-7

Altars:
Dithmenos
Yredelemnul
Zin

Shops:
D:4 [

Annotations:
D:4 Deemzul's ghost, average OpMo


Innate Abilities, Weirdness & Mutations

You cannot wear most types of armour.
You are amphibious.
You can wear up to eight rings at the same time.
You can use your tentacles to constrict many enemies at once.
Your skin changes colour to match your surroundings (Stealth).
Your rubbery body absorbs attacks (AC +1).


Message History

Deemzul's ghost is moderately damaged.
The orc throws a throwing net.
The throwing net hits you.
You become entangled in the net!
You try to slip out of the net.
Deemzul's ghost hits you!
You try to slip out of the net.
Deemzul's ghost hits you!
You try to slip out of the net.
Deemzul's ghost hits you.
You slip out of the net!
Deemzul's ghost hits you.
* * * LOW HITPOINT WARNING * * *
The orc closely misses you. The orc misses you.
You are feeling hungry.
Drink which item? (? for menu, Esc to quit)
Okay, then.
Unknown command.
Deemzul's ghost hits you!
* * * LOW HITPOINT WARNING * * *
Deemzul's ghost says very slowly, "There's no hope."
There is an escape hatch in the ceiling here.
Deemzul's ghost hits you!
You die...

..# #...##### #.......##.....
#.## ##### #.......##..... #..###
##### #.#...#.##..... .....#
#...# ##.#...#.###...#
...#.#####...# #...####.# #...8
...#....##...#####...#....# #....
#######.##...##......#....# #<...
#####...##......##...#....###....
................@W...............
...##.....########.o...####).....
##........# ###...# #......
###..###.. #...####...... #..
##.. ####....####..) #.. ##.
#.......# #... #.. .. #.......#
#... #....#### #..# ###...# ##.#


You could see Deemzul's ghost and an orc.

Vanquished Creatures
  5 big kobolds (D:3)
  A hound (D:4)
  Ijyb (D:2)
  A gnoll (D:3)
  An adder (D:3)
  A giant mite (D:1)
  A worm (D:3)
  An adder skeleton (D:4)
  2 giant geckos
  An ooze (D:4)
  4 bats
  5 goblins
  10 hobgoblins
  2 jackals (D:3)
  44 kobolds
  3 giant cockroaches
  5 giant newts
  A quokka (D:2)
  7 rats
96 creatures vanquished.

Notes
Turn   | Place    | Note
--------------------------------------------------------------
     0 | D:1      | Deemzul, the Octopode Monk, began the quest for the Orb.
     0 | D:1      | Reached XP level 1. HP: 16/16 MP: 1/1
    35 | D:1      | Reached XP level 2. HP: 15/21 MP: 2/2
   240 | D:1      | Reached XP level 3. HP: 26/26 MP: 3/3
   290 | D:1      | Reached skill level 5 in Unarmed Combat
   669 | D:2      | Noticed Ijyb
   679 | D:2      | Killed Ijyb
  1006 | D:2      | Reached XP level 4. HP: 22/31 MP: 4/4
  1180 | D:3      | Found a shadowy altar of Dithmenos.
  1184 | D:3      | Found a glowing silver altar of Zin.
  1184 | D:3      | Found a basalt altar of Yredelemnul.
  1620 | D:3      | Reached skill level 6 in Unarmed Combat
  1810 | D:3      | Noticed a big kobold
  1814 | D:3      | Noticed a big kobold
  1934 | D:3      | HP: 1/31 [big kobold/ stone (4)]
  2257 | D:3      | Killed a big kobold
  2257 | D:3      | Reached XP level 5. HP: 27/36 MP: 5/5
  2309 | D:3      | Noticed a big kobold
  2310 | D:3      | Noticed a big kobold
  2352 | D:3      | Killed a big kobold
  2352 | D:3      | Reached skill level 7 in Unarmed Combat
  2352 | D:3      | Reached XP level 6. HP: 26/42 MP: 6/6
  2410 | D:3      | Killed a big kobold
  2540 | D:3      | Killed a big kobold
  2540 | D:3      | Reached skill level 8 in Unarmed Combat
  2771 | D:3      | Noticed a big kobold
  2775 | D:3      | Killed a big kobold
  2775 | D:3      | Reached XP level 7. HP: 39/46 MP: 7/7
  2953 | D:4      | Found Ukadaam's Armour Boutique.
  3194 | D:4      | Noticed Deemzul's ghost (average OpMo)
  3226 | D:4      | Slain by Deemzul's ghost

Action                   |  1- 3 |  4- 6 |  7- 9 || total
-------------------------+-------+-------+-------++-------
Melee: Unarmed           |    65 |   106 |    31 ||   202
 Fire: Blowgun           |       |     5 |       ||     5
  Use: Potion            |       |     3 |       ||     3
 Stab: Sleeping          |     4 |     8 |     4 ||    16
